 Dungeon Crawl Stone Soup version 0.30-a0-860-g512cf1e979 (webtiles) character file.

Game seed: 7841603896687459687

15723 zenocrate the Martial Artist (level 12, -10/81 HPs)
             Began as an Octopode Transmuter on Mar 7, 2023.
             Was a High Priest of Jiyva.
             Mangled by a death yak (23 damage)
             ... on level 2 of the Lair of Beasts.
             The game lasted 00:09:19 (9138 turns).

zenocrate the Martial Artist (Octopode Transmuter)  Turns: 9138, Time: 00:09:20

Health: -10/81     AC: 13    Str: 10    XL:     12   Next: 30%
Magic:  13/15      EV: 15    Int: 20    God:    Jiyva [*****.]
Gold:   445        SH:  5    Dex: 12    Spells: 6/15 levels left

rFire   x . .      SeeInvis +      - Unarmed
rCold   + + +      Faith    .    (shield currently unavailable)
rNeg    . . .      Spirit   .    (helmet currently unavailable)
rPois   +          Reflect  +    p - amulet of reflection
rElec   .          Rampage  .    i - ring of see invisible
rCorr   +                        q - +5 ring of evasion
Will    +++..                    t - ring of protection from cold
Stlth   ++                       (no ring)
HPRegen 1.77/turn                (no ring)
MPRegen 0.59/turn                (no ring)
                                 (no ring)
                                 (no ring)

@: ice-form (expiring), wereblooded, calling ooze
A: freezing attack, boosted hp, almost no armour, amphibious, 8 rings, large,
(camouflage 1), (gelatinous body 3), (nimble swimmer 1), (tentacles),
strong-willed 3, wild magic 3, (acidic bite), (jelly sensing items), MP-powered
wands
a: End Transformation, Renounce Religion, Oozemancy, Slimify


You were on level 2 of the Lair of Beasts.
You worshipped Jiyva.
Jiyva was extremely pleased with you.
You were a creature of crystalline ice.
You visited 2 branches of the dungeon, and saw 12 of its levels.

You collected 445 gold pieces.

Inventory:

Jewellery
 i - a ring of see invisible (left front paw)
 p - an amulet of reflection (around neck)
 q - a +5 ring of evasion (right front paw)
 t - a ring of protection from cold (on tentacle)
Wands
 s - a wand of paralysis (5)
 x - a wand of iceblast (3)
Scrolls
 a - a scroll of enchant armour
 c - 3 scrolls of blinking
 d - 3 scrolls of teleportation
 f - 3 scrolls of fear
 g - a scroll of amnesia
 h - a scroll of vulnerability {unknown}
 j - a scroll of fog {unknown}
 l - a scroll of noise {unknown}
 r - a scroll of summoning {unknown}
 u - a scroll of silence {unknown}
 w - a scroll of poison {unknown}
 y - a scroll of immolation {unknown}
Potions
 b - 2 potions of cancellation
 e - 4 potions of curing
 k - 2 potions of haste
 m - 3 potions of mutation
 n - a potion of attraction
 o - a potion of brilliance
 v - 2 potions of might
 z - a potion of berserk rage


   Skills:
 - Level 1.0 Fighting
 - Level 2.0 Dodging
 - Level 1.1 Stealth
 + Level 11.9 Unarmed Combat
 - Level 2.0 Spellcasting
 + Level 11.7 Transmutations
 + Level 11.2 Ice Magic


You had 6 spell levels left.
You knew the following spells:

 Your Spells              Type           Power      Damage    Failure   Level
a - Ice Form              Ice/Tmut       74%        N/A       8%          4
b - Wereblood             Tmut           75%        N/A       3%          2
c - Beastly Appendage     Tmut           100%       N/A       2%          1
x - Blink                 Tloc           6%         N/A       50%         2

Your spell library contained the following spells:

 Spells                   Type           Power      Damage    Failure   Level
 Spider Form              Tmut/Pois      48%        N/A       16%         3
 Magic Dart               Conj           12%        1d3       38%         1
 Shock                    Conj/Air       12%        1d3       38%         1
 Lesser Beckoning         Tloc           6%         N/A       50%         2
 Momentum Strike          Conj/Tloc      6%         3d8       50%         2
 Searing Ray              Conj           6%         2d4       50%         2
 Sublimation of Blood     Necr           3%         N/A       50%         2
 Swiftness                Air            3%         N/A       69%         3
 Airstrike                Air            1%         2d(1-17)  95%         4
 Fulminant Prism          Conj/Hex       1%         3d5       95%         4
 Summon Hydra             Summ           1%         N/A       100%        7


Dungeon Overview and Level Annotations

Branches:
Dungeon (10/15)            Temple (0/1) D:5            Lair (2/5) D:10
    Orc (0/2) D:10
  Swamp: Lair:2-3    Shoals: Lair:2-3     Snake: Lair:2-3    Spider: Lair:2-3

Altars:
Ashenzari
Cheibriados
Kikubaaqudgha
Nemelex Xobeh
Ru
Sif Muna
Trog
Uskayaw
Wu Jian
Xom
Jiyva

Shops:
D:9 (


Innate Abilities, Weirdness & Mutations

You are a creature of crystalline ice.
You have a powerful freezing melee attack.
Your maximum health is increased.
Your armour is entirely melded.
You are incapable of wielding weapons or throwing items.
You cannot wear most types of armour.
You are amphibious.
You can wear up to eight rings at the same time.
((Your skin changes colour to match your surroundings (Stealth+).))
((Your gelatinous body deflects attacks. (AC +3, EV +3)))
((You are camouflaged when in or above water. (Stealth+)))
((You have tentacles for arms and can constrict up to eight enemies at once.))
You are extremely strong-willed. (Will+++)
Your spells are much harder to cast, but much more powerful.
((You have acidic saliva.))
((You have a small jelly attached to you that senses nearby items.))
You expend magic power (3 MP) to strengthen your wands.


Message History

The death yak attacks as you move away! The death yak gores you!!
Activating: Oozemancy (0% risk of failure)
Press: ? - help, Dir - look around, f - activate Slime begins to ooze from the nearby walls!
The wall burns the death yak! x2; The walls burn the death yak!
Unknown command.
You punch the death yak! You freeze the death yak.
The death yak is lightly wounded.
The wall burns the death yak! x2
Unknown command.
You hit the death yak. You freeze the death yak.
The death yak is lightly wounded.
The walls burn the death yak!
The wall burns the death yak! x2
The death yak gores you but does no damage.
Unknown command.
Unknown command.
Casting: Wereblood (safe; 3% risk of failure)
Confirm with . or Enter, or press ? or * to list all spells.
Your blood is infused with primal strength.
The walls burn the death yak!
The death yak gores you but does no damage.
The wall burns the death yak!
The walls burn the death yak!
The death yak barely misses you.
The wall burns the death yak!
The death yak closely misses you.
You hit the death yak. You freeze the death yak.
The death yak is heavily wounded.
The walls burn the death yak!
The death yak gores you!
The walls burn the death yak! x2; The death yak gores you.
The wall burns the death yak!
The death yak completely misses you.
Unknown command.
You hit the death yak. You freeze the death yak.
The death yak is severely wounded.
Unknown command.
You hit the death yak. You freeze the death yak.
The death yak is severely wounded.
The walls burn the death yak! x2; The death yak gores you!!
* * * LOW HITPOINT WARNING * * *
You shudder from the blow and a jelly pops out!
The walls burn the death yak!
The death yak gores you!!
You die...

### # ###P## ##.....
####...P## ..#... .##
##YYYY....######...<.
....#..Y##....#P##...##.)
#.....J.#..?.....#.......
#......#.................
#.......Y.....#..........
.#.........P#####....#...
#..........## #.#....#.#
.....###...P# ##.....##.
....# #...## ###...##.


You could see 4 death yaks and a friendly azure jelly (summoned).

Vanquished Creatures
  Erica (D:8)
  Pikel (D:8)
  5 elephants (Lair:1)
  A gargoyle (D:9)
  A cane toad (Lair:2)
  2 rime drakes
  2 trolls (D:10)
  10 blink frogs (Lair:1)
  2 wraiths
  2 wyverns
  15 yaks
  7 vampire mosquitoes (D:10)
  Menkaure (D:4)
  2 wargs (D:10)
  3 water moccasins (Lair:1)
  2 acid dragons (D:9)
  An ice beast (D:5)
  10 orc warriors
  A swamp drake (D:10)
  2 sky beasts
  3 ogres
  2 black bears
  3 centaurs (D:10)
  3 wolves (Lair:1)
  A phantom (D:6)
  8 bullfrogs
  7 scorpions
  3 wights (D:10)
  11 killer bees
  An electric eel (D:6)
  A hound (D:5)
  4 orc priests
  2 gnoll boudas
  4 iguanas
  10 orc wizards
  11 gnolls
  4 adders
  A white imp (D:5)
  3 ufetubi (D:5)
  5 dart slugs
  40 orcs
  7 bats
  2 giant cockroaches
  6 goblins
  2 hobgoblins
  5 quokkas
  12 ball pythons
  A frilled lizard (D:1)
  8 kobolds
  4 rats
245 creatures vanquished.

Vanquished Creatures (collateral kills)
  A manticore (D:7)
  A steam dragon (D:7)
  A water moccasin (Lair:1)
  An orc warrior (D:6)
  A phantom (D:5)
5 creatures vanquished.

Vanquished Creatures (others)
  2 bullfrogs
  14 jellies
  5 orc priests
  An orc wizard (D:8)
  A dart slug (D:4)
  3 endoplasms (D:2)
  13 orcs
  A frilled lizard (D:2)
  2 goblins (D:2)
  A kobold (D:2)
  13 fungi
  11 plants
67 creatures vanquished.

Grand Total: 317 creatures vanquished

Notes
Turn   | Place    | Note
-------+----------+-------------------------------------------
     0 | D:1      | zenocrate the Octopode Transmuter began the quest for the
                  | Orb.
     0 | D:1      | Reached XP level 1. HP: 13/13 MP: 3/3
   130 | D:1      | Found a faded altar of an unknown god.
   138 | D:1      | Reached skill level 1 in Stealth
   139 | D:1      | Reached XP level 2. HP: 17/18 MP: 3/5
   145 | D:1      | Learned a level 2 spell: Wereblood
   147 | D:1      | Prayed at the altar of an unknown god.
   147 | D:1      | Became a worshipper of Jiyva Jotwuse the Shapeless
   147 | D:1      | Reached * piety under Jiyva
   264 | D:1      | Reached XP level 3. HP: 23/23 MP: 6/6
   696 | D:2      | Reached ** piety under Jiyva
   968 | D:2      | Reached XP level 4. HP: 28/28 MP: 7/7
   973 | D:2      | Learned a level 4 spell: Ice Form
  1328 | D:3      | Found an ornate altar of the Wu Jian Council.
  1541 | D:3      | Reached *** piety under Jiyva
  1541 | D:3      | Gained mutation: You are strong-willed. (Will+) [Jiyva's
                  | grace]
  1541 | D:3      | Gained mutation: You are highly strong-willed. (Will++)
                  | [Jiyva's grace]
  1541 | D:3      | Gained mutation: You are extremely strong-willed. (Will+++)
                  | [Jiyva's grace]
  1541 | D:3      | Gained mutation: You have acidic saliva. [Jiyva's grace]
  1927 | D:3      | Found a hide-covered altar of Uskayaw.
  2211 | D:4      | Reached skill level 1 in Ice Magic
  2212 | D:4      | Reached XP level 5. HP: 33/33 MP: 5/8
  2278 | D:4      | Reached **** piety under Jiyva
  2523 | D:4      | Reached XP level 6. HP: 37/38 MP: 9/9
  2524 | D:4      | Noticed Menkaure
  2534 | D:4      | Killed Menkaure
  2787 | D:4      | Reached skill level 5 in Unarmed Combat
  2787 | D:4      | Reached XP level 7. HP: 28/43 MP: 10/10
  3189 | D:5      | Entered Level 5 of the Dungeon
  3254 | D:5      | Reached ***** piety under Jiyva
  3272 | D:5      | Lost mutation: One of your tentacles bears a large vicious
                  | spike. [Jiyva's grace]
  3272 | D:5      | Gained mutation: One of your tentacles bears a large
                  | vicious spike. [Jiyva's grace]
  3272 | D:5      | Gained mutation: Your pliable body absorbs attacks. (AC +2,
                  | EV +2) [Jiyva's grace]
  3272 | D:5      | Gained mutation: Your gelatinous body deflects attacks. (AC
                  | +3, EV +3) [Jiyva's grace]
  3272 | D:5      | Gained mutation: You expend magic power (3 MP) to
                  | strengthen your wands. [Jiyva's grace]
  3276 | D:5      | Noticed a yak
  3279 | D:5      | Reached skill level 5 in Transmutations
  3290 | D:5      | Killed a yak
  3291 | D:5      | Reached XP level 8. HP: 40/48 MP: 8/11
  3556 | D:5      | Found a staircase to the Ecumenical Temple.
  3604 | D:5      | You fall into a shaft and drop 1 floor!
  3740 | D:6      | Reached skill level 5 in Ice Magic
  4650 | D:5      | Learned a level 2 spell: Blink
  4727 | D:7      | Reached XP level 9. HP: 51/53 MP: 12/12
  4876 | D:7      | Noticed a manticore
  4881 | D:7      | Killed a manticore
  5016 | D:7      | Lost mutation: You are extremely strong-willed. (Will+++)
                  | [Jiyva's grace]
  5016 | D:7      | Gained mutation: Your spells are a little harder to cast,
                  | but a little more powerful. [Jiyva's grace]
  5016 | D:7      | Gained mutation: Your spells are harder to cast, but more
                  | powerful. [Jiyva's grace]
  5016 | D:7      | Gained mutation: Your spells are much harder to cast, but
                  | much more powerful. [Jiyva's grace]
  5016 | D:7      | Gained mutation: You have very sharp teeth. [Jiyva's grace]
  5029 | D:7      | Found a broken altar of Ashenzari.
  5440 | D:8      | Noticed Erica
  5451 | D:8      | Killed Erica
  5452 | D:8      | Reached XP level 10. HP: 37/58 MP: 6/13
  5483 | D:8      | Noticed Pikel
  5504 | D:8      | Killed Pikel
  6365 | D:8      | Reached ****** piety under Jiyva
  6448 | D:8      | Found a sacrificial altar of Ru.
  6904 | D:9      | Found a bloodstained altar of Trog.
  6949 | D:9      | Reached skill level 10 in Unarmed Combat
  6994 | D:9      | Found a sparkling altar of Nemelex Xobeh.
  7033 | D:9      | Noticed a gargoyle
  7040 | D:9      | Killed a gargoyle
  7041 | D:9      | Reached XP level 11. HP: 63/63 MP: 11/14
  7054 | D:9      | Found Jailun's Weapon Boutique.
  7092 | D:9      | Reached skill level 10 in Transmutations
  7345 | D:9      | Found a snail-covered altar of Cheibriados.
  7380 | D:9      | Lost mutation: You have very sharp teeth. [Jiyva's grace]
  7380 | D:9      | Lost mutation: Your gelatinous body deflects attacks. (AC
                  | +3, EV +3) [Jiyva's grace]
  7380 | D:9      | Lost mutation: You expend magic power (3 MP) to strengthen
                  | your wands. [Jiyva's grace]
  7380 | D:9      | Gained mutation: You are extremely strong-willed. (Will+++)
                  | [Jiyva's grace]
  7380 | D:9      | Gained mutation: You expend magic power (3 MP) to
                  | strengthen your wands. [Jiyva's grace]
  7380 | D:9      | Gained mutation: You have a small jelly attached to you
                  | that senses nearby items. [Jiyva's grace]
  7380 | D:9      | Gained mutation: Your gelatinous body deflects attacks. (AC
                  | +3, EV +3) [Jiyva's grace]
  7449 | D:10     | Entered Level 10 of the Dungeon
  7539 | D:10     | Found a shimmering blue altar of Sif Muna.
  7620 | D:10     | Reached skill level 10 in Ice Magic
  7620 | D:10     | Found a staircase to the Lair.
  7667 | D:10     | Found a shimmering altar of Xom.
  7667 | D:10     | Found an ancient bone altar of Kikubaaqudgha.
  7954 | D:10     | Found a staircase to the Orcish Mines.
  8376 | Lair:1   | Entered Level 1 of the Lair of Beasts
  8449 | Lair:1   | Reached XP level 12. HP: 59/68 MP: 10/15
  9123 | Lair:2   | Noticed a death yak
  9123 | Lair:2   | Noticed a death yak
  9124 | Lair:2   | Noticed a death yak
  9124 | Lair:2   | Noticed a death yak
  9138 | Lair:2   | Mangled by a death yak

Illustrated notes

Levels and vault maps discovered:
D:1:      dpeg_arrival_signposts, layout_rooms,
          nicolae_ecumenical_snake_handling, minmay_bisected
D:2:      layout_loops_ring
D:3:      layout_basic, lemuel_doored_altar, general_overflow_altar,
          minmay_close_crescents
D:4:      layout_loops_corners, nicolae_overflow_hidden_temple, minivault_5,
          kennysheep_cluttered_room, uniq_menkaure
D:5:      cheibrodos_fzero, layout_basic, minmay_temple_entry_offerings
D:6:      layout_gridville, minmay_crystal_water
D:7:      layout_gridville, mainiacjoe_overflow_small_starburst,
          kennysheep_nondescript
D:8:      layout_layer_cave, nicolae_ru_path_of_blood,
          small_statue_intersection, uniq_erica, uniq_pikel
D:9:      layout_basic, mainiacjoe_overflow_surrounded_room, marbit_many_paths,
          trog_butcher_becter, serial_shops, nicolae_shop_bloodbath_and_beyond,
          hangedman_glass_teeth
D:10:     layout_loops_ring, lemuel_round_altar, gammafunk_temple_overflow_wave,
          erik_lair_orcish_takeover, erik_orc_1
Lair:1:   layout_chaotic_city
Lair:2:   layout_layer_cave, minmay_shoals_entry_hut, lemuel_fruit_fields,
          lemuel_fruit_tree

Skill      XL: |  1  2  3  4  5  6  7  8  9 10 11 12 |
---------------+-------------------------------------+-----
Stealth        | 1 |  1.1
Transmutations | 3 4 5 6 8 9 11 | 11.7
Unarmed Combat | 4 5 6 7 8 10 11 | 11.9
Ice Magic      | 1 2 3 4 5 7 9 10 11 | 11.2
Fighting       | |  1.0
Dodging        | |  2.0
Spellcasting   | |  2.0

Action                     |  1- 3 |  4- 6 |  7- 9 | 10-12 || total
---------------------------+-------+-------+-------+-------++-------
  Melee: Unarmed           |    75 |    62 |   159 |   341 ||   637
         Constrict         |    21 |    16 |    27 |     5 ||    69
         Tentacles         |    14 |    18 |    24 |     5 ||    61
         Punch             |     3 |     2 |     5 |     1 ||    11
         Kick              |     5 |     5 |    37 |     2 ||    49
         Bite              |       |     3 |    13 |     3 ||    19
   Cast: Beastly Appendage |     9 |     7 |    26 |     3 ||    45
         Wereblood         |     8 |     8 |    24 |    24 ||    64
         Ice Form          |       |       |     5 |    23 ||    28
 Invoke: Oozemancy         |       |       |     4 |     4 ||     8
Ability: End Transformatio |       |       |       |     1 ||     1
    Use: Scroll            |       |     6 |     4 |     4 ||    14
         Potion            |       |     1 |     2 |       ||     3
   Stab: Sleeping          |     3 |     4 |     3 |       ||    10
         Distracted        |       |       |       |     1 ||     1
 Armour: Skin              |    12 |     3 |    56 |    81 ||   152
  Dodge: Dodged            |    58 |    31 |   110 |   227 ||   426
  Block: Other             |       |       |    22 |    81 ||   103

Table legend: (Time is in decaauts)
 A = Elapsed time spent in this place.
 B = Non-inter-level travel time spent in this place.
 C = Inter-level travel time spent in this place.
 D = Time resting spent in this place.
 E = Time spent auto-exploring this place.
 F = Levels seen in this place.
 G = Mean time per level.
                   A        B        C        D        E       F      G
               +--------+--------+--------+--------+--------+-----+--------+
         Total |   9041 |   8724 |    317 |     18 |   7110 |  12 |  753.4 |
       Dungeon |   8293 |   7976 |    317 |     18 |   6508 |  10 |  829.3 |
          Lair |    748 |    748 |      0 |      0 |    602 |   2 |  374.0 |
               +--------+--------+--------+--------+--------+-----+--------+

Top non-repeatable levels by time:
     D:8: 1297 daAuts
     D:4: 1098 daAuts
    D:10: 904 daAuts
     D:3: 797 daAuts
     D:6: 756 daAuts
     D:5: 742 daAuts
     D:7: 732 daAuts
     D:9: 681 daAuts
  Lair:1: 668 daAuts
     D:2: 662 daAuts
     D:1: 618 daAuts
  Lair:2: 79 daAuts
